 Dungeon Crawl Stone Soup version 0.29.0-13-gc9e81de378 (webtiles) character file.

Game seed: 13563063058247500934

25 rogsnak the Digger (level 2, 0/15 HPs)
             Began as a Deep Elf Earth Elementalist on Sept 8, 2022.
             Slain by a giant cockroach (2 damage)
             ... on level 1 of the Dungeon.
             The game lasted 00:02:05 (2175 turns).

rogsnak the Digger (Deep Elf Earth Elementalist)    Turns: 2175, Time: 00:02:05

Health: 0/15       AC:  2    Str:  5    XL:     2   Next: 86%
Magic:  6/8        EV: 12    Int: 19    God:
Gold:   37         SH:  0    Dex: 15    Spells: 7/8 levels left

rFire   . . .      SeeInvis .   g - +0 short sword
rCold   . . .      Faith    .   (no shield)
rNeg    . . .      Spirit   .   a - +0 robe
rPois   .          Reflect  .   (no helmet)
rElec   .          Harm     .   (no cloak)
rCorr   .          Rampage  .   (no gloves)
Will    .....                   (no boots)
Stlth   ++........              (no amulet)
HPRegen 0.05/turn               (no ring)
MPRegen 0.11/turn               (no ring)

@: no status effects
A: no striking features
a: no special abilities


You were on level 1 of the Dungeon.
You visited 1 branch of the dungeon, and saw 1 of its levels.

You collected 37 gold pieces.

Inventory:

Hand Weapons
 f - a +0 dagger
 g - a +0 short sword (weapon)
Missiles
 c - 10 stones
Armour
 a - a +0 robe (worn)
Scrolls
 d - a scroll of teleportation {unknown}
 e - a scroll of immolation {unknown}
 i - 3 scrolls of identify {unknown}
 j - a scroll of brand weapon {unknown}
Potions
 b - a potion of magic
 h - a potion of flight {unknown}
 k - a potion of haste


   Skills:
 + Level 0.1 Fighting
 + Level 2.5 Dodging
 + Level 2.6 Stealth
 + Level 3.5 Spellcasting
 - Level 1.1 Transmutations
 + Level 4.0 Earth Magic


You had 7 spell levels left.
You knew the following spells:

 Your Spells              Type           Power      Damage    Failure   Level
a - Sandblast             Erth           36%        2d10      2%          1

Your spell library contained the following spells:

 Spells                   Type           Power      Damage    Failure   Level
 Passwall                 Tmut/Erth      10%        N/A       8%          2
 Stone Arrow              Conj/Erth      22%        3d8       19%         3
 Petrify                  Tmut/Erth      13%        N/A       45%         4


Dungeon Overview and Level Annotations

Branches:
Dungeon (1/15)

Altars:


Message History

You closely miss the giant cockroach.
The giant cockroach is severely wounded.
The giant cockroach bites you.
You hit the giant cockroach but do no damage.
The giant cockroach is severely wounded.
The giant cockroach bites you but does no damage.
The giant cockroach closely misses you.
You barely miss the giant cockroach.
The giant cockroach is severely wounded.
The giant cockroach closely misses you.
You hit the giant cockroach but do no damage.
The giant cockroach is severely wounded.
The giant cockroach bites you.
* * * LOW HITPOINT WARNING * * *
You hit the giant cockroach but do no damage.
The giant cockroach is severely wounded.
The giant cockroach bites you.
* * * LOW HITPOINT WARNING * * *
The giant cockroach bites you.
* * * LOW HITPOINT WARNING * * *
Casting: Sandblast (safe; 2% risk of failure)
Confirm with . or Enter, or press ? or * to list all spells.
Aiming: Sandblast (safe; 2% risk of failure)
Press: ? - help, Shift-Dir - straight line, f - giant cockroach
Aim: a giant cockroach (severely wounded, 82% to hit)
The blast of sand hits the giant cockroach.
The giant cockroach is almost dead.
The giant cockroach completely misses you.
Unknown command.
A giant cockroach is nearby!
Casting: Sandblast (safe; 2% risk of failure)
Confirm with . or Enter, or press ? or * to list all spells.
Aiming: Sandblast (safe; 2% risk of failure)
Press: ? - help, Shift-Dir - straight line, f/p - giant cockroach
Aim: a giant cockroach (almost dead, 82% to hit)
The blast of sand hits the giant cockroach but does no damage.
The giant cockroach is almost dead.
The giant cockroach bites you but does no damage.
The giant cockroach bites you.
You die...

########################
........†..............#
....#####....###.......#
....#####..............#
'#####..........@B.....#
.......###...###.#.#####
.......#G#...#G#.#.#
.....#.###...###.#.#
.....#...........#.#
.....#....._.....#.#
.....#...........#.#
.###...###...###.#.# .#
#...#G#...#G#...#


You could see a giant cockroach.

Vanquished Creatures
  A dart slug (D:1)
  2 endoplasms (D:1)
  2 goblins (D:1)
  5 hobgoblins (D:1)
  4 kobolds (D:1)
  3 ball pythons (D:1)
  A bat (D:1)
  A frilled lizard (D:1)
  3 rats (D:1)
22 creatures vanquished.

Notes
Turn   | Place    | Note
-------+----------+-------------------------------------------
     0 | D:1      | rogsnak the Deep Elf Earth Elementalist began the quest for
                  | the Orb.
     0 | D:1      | Reached XP level 1. HP: 10/10 MP: 6/6
   603 | D:1      | Noticed a great orb of eyes
   606 | D:1      | Found a faded altar of an unknown god.
   621 | D:1      | Noticed a shining eye
   621 | D:1      | Noticed a great orb of eyes
   621 | D:1      | Noticed a floating eye
   898 | D:1      | Reached XP level 2. HP: 10/15 MP: 8/8
  1732 | D:1      | Reached skill level 4 in Earth Magic
  2175 | D:1      | Slain by a giant cockroach

Illustrated notes

Levels and vault maps discovered:
D:1:      scummos_arrival_gate, layout_basic,
          hellmonk_ecumenical_altar_watching_god

Skill      XL: |  1  2 |
---------------+-------+-----
Earth Magic    | 4 |  4.0
Fighting       | |  0.1
Dodging        | |  2.5
Stealth        | |  2.6
Spellcasting   | |  3.5
Transmutations | |  1.1

Action                   || total
-------------------------++-------
Melee: Unarmed           ||    24
       Short sword       ||    88
       Punch             ||     1
 Cast: Sandblast         ||    10
 Stab: Sleeping          ||     2
Armor: Robe              ||    24
Dodge: Dodged            ||    72
